 Dungeon Crawl Stone Soup version 0.20.1-1-g8b1a95d (webtiles) character file.

471 dohliylev the Covert (level 6, -4/41 HPs)
             Began as a Vampire Enchanter on July 13, 2017.
             Was an Initiate of Nemelex Xobeh.
             Slain by a human skeleton (5 damage)
             ... on level 4 of the Dungeon.
             The game lasted 00:10:41 (2908 turns).

dohliylev the Covert (Vampire Enchanter)            Turns: 2908, Time: 00:10:42

Health: -4/41      AC:  3    Str:  7    XL:     6   Next: 83%
Magic:  6/9        EV: 13    Int: 19    God:    Nemelex Xobeh [......]
Gold:   212        SH:  0    Dex: 15    Spells: 3/9 levels left

rFire    . . .     SeeInvis +   a - +1 dagger (venom)
rCold    + + .     Gourm    .   (no shield)
rNeg     + + +     Faith    .   b - +0 robe
rPois    ∞         Spirit   .   h - +0 helmet
rElec    .         Reflect  .   (no cloak)
rCorr    .         Harm     .   (no gloves)
MR       .....                  (no boots)
Stlth    ++++++....             (no amulet)
Regen    0.0/turn               (no ring)
MPRegen  0.2/turn               (no ring)

@: bloodless, non-regenerating
A: fangs 3, see invisible, unbreathing
a: Bat Form, Renounce Religion


You were on level 4 of the Dungeon.
You worshipped Nemelex Xobeh.
Nemelex Xobeh was noncommittal.
You were bloodless.

You visited 2 branches of the dungeon, and saw 5 of its levels.

You collected 212 gold pieces.

Inventory:

Hand Weapons
 a - a +1 dagger of venom (weapon)
Armour
 b - a +0 robe (worn)
 h - a +0 helmet (worn)
Scrolls
 f - 2 scrolls of enchant weapon {unknown}
 i - a scroll of enchant armour {unknown}
 j - 3 scrolls of magic mapping {unknown}
 l - 5 scrolls of identify {unknown}
 m - a scroll of amnesia {unknown}
 o - 2 scrolls of immolation {unknown}
 p - a scroll of recharging {unknown}
 r - a scroll of teleportation {unknown}
 v - a scroll of fear {unknown}
Potions
 d - 23 potions of blood
 e - a potion of degeneration {unknown}
 g - a potion of invisibility {unknown}
 k - a potion of agility {unknown}
 n - a potion of curing {unknown}
 q - 2 potions of brilliance {unknown}
 s - a potion of heal wounds {unknown}
 w - 2 potions of cancellation {unknown}
Books
 c - a book of Maledictions

   Spells                             Type                      Level
   a - Corona                         Hexes                        1
   b - Ensorcelled Hibernation        Hexes/Ice                    2
   c - Confuse                        Hexes                        3
   d - Tukima's Dance                 Hexes                        3
   e - Dazzling Spray                 Conjuration/Hexes            3
Miscellaneous
 t - a plain deck of summoning {drawn: 3}


   Skills:
 + Level 3.4 Short Blades
 + Level 3.1 Dodging
 - Level 10.0 Stealth
 - Level 2.0 Spellcasting
 - Level 4.6 Hexes
 - Level 1.1 Ice Magic


You had 3 spell levels left.
You knew the following spells:

 Your Spells              Type           Power        Failure   Level  Hunger
a - Corona                Hex            ###....      2%          1    #......
b - Ensorcelled Hibernat  Hex/Ice        ##....       8%          2    ###....
c - Confuse               Hex            ###.....     8%          3    ###....


Dungeon Overview and Level Annotations

Branches:
Dungeon (4/15)             Temple (1/1) D:4

Altars:
Ashenzari
Cheibriados
Elyvilon
Fedhas
Gozag
Kikubaaqudgha
Makhleb
Nemelex Xobeh
Okawaru
Qazlal
Ru
Sif Muna
Trog
Uskayaw
Vehumet
Xom
Yredelemnul
Zin

Annotations:
D:4 1 runed door


Innate Abilities, Weirdness & Mutations

You do not heal naturally.
You are immune to poison.
You have razor-sharp teeth.
You have supernaturally acute eyesight. (SInv)
You can survive without breathing.


Message History

* * * LOW HITPOINT WARNING * * *
You hit the human skeleton.
The human skeleton is heavily damaged.
The human skeleton hits you.
* * * LOW HITPOINT WARNING * * *
You hit the human skeleton.
The human skeleton is severely damaged.
You hit the human skeleton.
The human skeleton is severely damaged.
The human skeleton hits you.
* * * LOW HITPOINT WARNING * * *
Casting: Ensorcelled Hibernation
Confirm with . or Enter, or press ? or * to list all spells.
Aiming: Confuse
Press: ? - help, Shift-Dir - straight line, f - human skeleton
Aim: a human skeleton (severely damaged, chance to defeat MR: 60%)
The human skeleton resists with significant effort.
The human skeleton hits you.
You die...
Your body disappears without a glow.

#### ...8.#### ..... ...
##....... .
..........##......#+#.
##..........#.......#p#.
....................###.
........................
..##.##..# #.....Z...###
..##.#...###....@.......
..##.#...............###
...........#.........#
(........###.........#
.....................#
..##.#.#####.........#
..#....### #.........#
.........# #........##
.........# #.#.....##


You could see a human skeleton and a neutral human.

Vanquished Creatures
  A centaur (D:4)
  An ogre (D:4)
  The ghost of Ferkelamun the Cutter, an amateur HaFi (D:3)
  A hound (D:4)
  An iguana (D:4)
  7 adders
  2 oozes
  A worm (D:2)
  4 dart slugs
  A leopard gecko (D:3)
  10 orcs (D:4)
  2 giant cockroaches
  4 goblins
  9 hobgoblins
  A quokka (D:4)
  6 bats
  8 frilled lizards
  A jackal skeleton (D:4)
  8 kobolds
  7 rats
76 creatures vanquished.

Vanquished Creatures (collateral kills)
  An orc priest (D:4)
  An orc (D:4)
  A frilled lizard (D:4)
3 creatures vanquished.

Grand Total: 79 creatures vanquished

Notes
Turn   | Place    | Note
-------+----------+-------------------------------------------
     0 | D:1      | dohliylev the Vampire Enchanter began the quest for the Orb.
     0 | D:1      | Reached XP level 1. HP: 13/13 MP: 3/3
    96 | D:1      | Reached XP level 2. HP: 11/19 MP: 0/5
   100 | D:1      | Learned a level 2 spell: Ensorcelled Hibernation
   505 | D:1      | Reached skill level 5 in Stealth
   865 | D:2      | Reached XP level 3. HP: 16/24 MP: 3/6
  1249 | D:2      | Reached skill level 1 in Ice Magic
  1249 | D:2      | Reached XP level 4. HP: 22/30 MP: 1/7
  1435 | D:2      | Found a blossoming altar of Fedhas.
  1636 | D:3      | Found a faded altar of an unknown god.
  1639 | D:3      | Noticed Ferkelamun's ghost (amateur HaFi)
  1653 | D:3      | Learned a level 3 spell: Confuse
  1661 | D:3      | Killed Ferkelamun's ghost
  1661 | D:3      | Reached skill level 7 in Stealth
  1661 | D:3      | Reached XP level 5. HP: 35/35 MP: 4/8
  1687 | D:3      | Found an opulent altar of Gozag.
  2234 | D:4      | Noticed a centaur
  2237 | D:4      | Killed a centaur
  2237 | D:4      | Reached skill level 8 in Stealth
  2237 | D:4      | Reached XP level 6. HP: 41/41 MP: 9/9
  2255 | D:4      | Found a staircase to the Ecumenical Temple.
  2263 | D:4      | Reached skill level 9 in Stealth
  2279 | Temple   | Entered the Ecumenical Temple
  2285 | Temple   | Became a worshipper of Nemelex Xobeh the Trickster
  2352 | Temple   | Received a gift from Nemelex Xobeh
  2742 | D:4      | Reached skill level 10 in Stealth
  2887 | D:4      | Found a runed door.
  2887 | D:4      | Noticed a human
  2907 | D:4      | HP: 1/41 [human skeleton (4)]
  2908 | D:4      | Slain by a human skeleton

Skill      XL: |  1  2  3  4  5  6 |
---------------+-------------------+-----
Stealth        | 5 7 8 10 | 10.0
Short Blades   | 2 3 |  3.4
Dodging        | 3 |  3.1
Ice Magic      | 1 |  1.1
Spellcasting   | |  2.0
Hexes          | |  4.6

Action                   |  1- 3 |  4- 6 || total
-------------------------+-------+-------++-------
Melee: Dagger            |   104 |   102 ||   206
       Bite              |    10 |    11 ||    21
 Cast: Corona            |     3 |       ||     3
       Ensorcelled Hiber |    15 |    15 ||    30
       Confuse           |       |     4 ||     4
Evoke: Deck              |       |     3 ||     3
 Stab: Sleeping          |    14 |    31 ||    45
       Confused          |       |     4 ||     4
  Eat: Corpse            |     2 |       ||     2
Armor: Robe              |    31 |     6 ||    37
Dodge: Dodged            |    68 |    32 ||   100
